 Dungeon Crawl Stone Soup version 0.20.1-1-g8b1a95d (webtiles) character file.

52 digijack the Grasshopper (level 3, -1/16 HPs)
             Began as a Felid Warper on Nov 26, 2017.
             Killed from afar by a dart slug (2 damage)
             ... with a slug dart
             ... on level 3 of the Dungeon.
             The game lasted 00:10:00 (1913 turns).

digijack the Grasshopper (Felid Warper)             Turns: 1913, Time: 00:10:01

Health: -1/16      AC:  1    Str:  7    XL:     3   Next: 60%
Magic:  1/7        EV: 19    Int: 15    God:
Gold:   55         SH:  0    Dex: 15    Spells: 2/6 levels left
                                        Lives:  0   Deaths: 0

rFire    . . .     SeeInvis +     - Unarmed
rCold    . . .     Gourm    .   (shield unavailable)
rNeg     . . .     Faith    .   (armour unavailable)
rPois    .         Spirit   .   (helmet unavailable)
rElec    .         Reflect  .   (cloak unavailable)
rCorr    .         Harm     .   (gloves unavailable)
MR       .....                  (boots unavailable)
Stlth    ++........             (no amulet)
Regen    0.1/turn               d - ring of flight
MPRegen  0.1/turn               (no ring)

@: lethally poisoned (-1 -> -4), very slightly contaminated, quick
A: no armour, no weapons or thrown items, stealth, claws 1, fangs 3, see
invisible, carnivore 3, speed 1, shaggy fur 1, slow metabolism 1, sharp paws
a: Evoke Flight


You were on level 3 of the Dungeon.
You were very full.

You visited 1 branch of the dungeon, and saw 3 of its levels.

You collected 55 gold pieces.

Inventory:

Jewellery
 d - a ring of flight (left paw)
Scrolls
 e - 2 scrolls of identify
Books
 a - a book of Spatial Translocations

   Spells                             Type                      Level
   a - Blink                          Translocation                2
   b - Shroud of Golubria             Charms/Translocation         2
   c - Lesser Beckoning               Translocation                3
   d - Gell's Gravitas                Translocation                3
   e - Teleport Other                 Translocation                3
   f - Passage of Golubria            Translocation                4
Comestibles
 c - 2 meat rations
 f - a chunk of flesh


   Skills:
 + Level 2.6 Fighting
 + Level 3.7 Dodging
 + Level 1.5 Stealth
 + Level 2.5 Unarmed Combat
 + Level 2.3 Spellcasting
 - Level 4.4 Translocations


You had 2 spell levels left.
You knew the following spells:

 Your Spells              Type           Power        Failure   Level  Hunger
a - Shroud of Golubria    Chrm/Tloc      #.........   13%         2    ###....
b - Blink                 Tloc           N/A          5%          2    ###....


Dungeon Overview and Level Annotations

Branches:
Dungeon (3/15)

Altars:


Innate Abilities, Weirdness & Mutations

You cannot wear armour.
You are incapable of wielding weapons or throwing items.
Your paws allow you to move quietly. (Stealth)
You have sharp claws.
You have razor-sharp teeth.
You have supernaturally acute eyesight. (SInv)
You are carnivorous and can eat meat at any time.
You cover ground quickly.
You are covered in fur. (AC +1)
You have a slow metabolism.
Your sharp claws are effective at attacking unaware monsters.


Message History

As you read the scroll of blinking, it crumbles to dust.
An adder comes into view.
Found 4 fruits.
* * * LOW HITPOINT WARNING * * *
You feel sick.
* * * LOW HITPOINT WARNING * * *
You feel sick.
Casting: Blink
Confirm with . or Enter, or press ? or * to list all spells.
You blink.
The adder barely misses you. The adder closely misses you.
* * * LOW HITPOINT WARNING * * *
You feel sick. The goblin misses you.
Casting: Blink
Confirm with . or Enter, or press ? or * to list all spells.
You don't have enough magic to cast that spell.
The goblin completely misses you. The dart slug launches a dart at you.
The slug dart hits you!
You die...

### .....########## ###
..............#####....
.....########........S.
... ..........##......
# ..........(..%....
.......g#....#....
##....@S.#### ...
#######....#### ..
...[.......>..# . #####
###w### ....### ###..#
.##...# #.<..#
(####.###.#..# .#
#...g...## รท#
###.##....


You could see an adder, a dart slug and a goblin.

Vanquished Creatures
  An adder (D:2)
  2 oozes (D:2)
  A ball python (D:2)
  5 bats
  2 giant cockroaches (D:1)
  3 goblins
  4 hobgoblins
  4 kobolds (D:1)
  A quokka (D:2)
  5 frilled lizards
  8 rats
36 creatures vanquished.

Notes
Turn   | Place    | Note
-------+----------+-------------------------------------------
     0 | D:1      | digijack the Felid Warper began the quest for the Orb.
     0 | D:1      | Reached XP level 1. HP: 9/9 MP: 4/4
   382 | D:1      | Reached XP level 2. HP: 2/13 MP: 1/6
   633 | D:1      | Learned a level 2 spell: Shroud of Golubria
   636 | D:1      | Learned a level 2 spell: Blink
   871 | D:1      | Reached skill level 1 in Stealth
  1268 | D:2      | Reached XP level 3. HP: 16/16 MP: 4/7
  1913 | D:3      | Killed from afar by a dart slug

Skill      XL: |  1  2 |
---------------+-------+-----
Stealth        | 1 |  1.5
Fighting       | |  2.6
Dodging        | |  3.7
Unarmed Combat | |  2.5
Spellcasting   | |  2.3
Translocations | |  4.4

Action                   || total
-------------------------++-------
Melee: Unarmed           ||   108
       Bite              ||     7
 Cast: Shroud of Golubri ||    12
       Blink             ||     5
  Use: Scroll            ||     6
       Potion            ||     4
 Stab: Sleeping          ||     4
  Eat: Chunk             ||    10
Armor: Skin              ||     1
Dodge: Dodged            ||    77
